 Dungeon Crawl Stone Soup version 0.27-a0-96-gb51a1d6fd6 (webtiles) character file.

Game seed: 8662865357840828317

354 Essalna the Magician (level 6, -1/32 HPs)
             Began as a Deep Elf Air Elementalist on Jan 20, 2021.
             Was a Follower of Vehumet.
             Killed from afar by an orc wizard (8 damage)
             ... with a magic dart
             ... on level 4 of the Dungeon.
             The game lasted 00:06:37 (3488 turns).

Essalna the Magician (Deep Elf Air Elementalist)    Turns: 3488, Time: 00:06:37

Health: -1/32      AC:  3    Str:  5    XL:     6   Next: 35%
Magic:  18/26      EV: 13    Int: 22    God:    Vehumet [*.....]
Gold:   247        SH:  0    Dex: 15    Spells: 10/17 levels left

rFire    . . .     SeeInvis .   j - +3 dagger (venom)
rCold    . . .     Faith    .   (no shield)
rNeg     . . .     Spirit   .   a - +0 robe
rPois    .         Reflect  .   (no helmet)
rElec    .         Harm     .   g - +0 cloak
rCorr    .         Rampage  .   (no gloves)
Will     .....                  (no boots)
Stlth    ++........             (no amulet)
HPRegen  0.10/turn              m - ring of magical power
MPRegen  0.20/turn              (no ring)

@: no status effects
A: no striking features
a: Renounce Religion


You were on level 4 of the Dungeon.
You worshipped Vehumet.
Vehumet was aware of your devotion.
You visited 1 branch of the dungeon, and saw 4 of its levels.

You collected 247 gold pieces.

Inventory:

Hand Weapons
 e - a +1 dagger of speed
 j - a +3 dagger of venom (weapon)
Armour
 a - a +0 robe (worn)
 g - a +0 cloak (worn)
Jewellery
 m - a ring of magical power (left hand)
Wands
 r - a wand of flame (15)
Scrolls
 d - a scroll of immolation {unknown}
 f - 2 scrolls of teleportation {unknown}
 h - a scroll of identify {unknown}
 k - 2 scrolls of noise {unknown}
 p - 2 scrolls of remove curse
Potions
 c - 2 potions of haste {unknown}
 i - a potion of magic {unknown}
 l - 2 potions of mutation {unknown}
 n - a potion of ambrosia {unknown}
 o - 3 potions of brilliance {unknown}
 q - a potion of cancellation {unknown}


   Skills:
 - Level 2.4 Dodging
 - Level 2.4 Stealth
 + Level 6.2 Spellcasting
 - Level 3.0 Conjurations
 + Level 5.1 Air Magic


You had 10 spell levels left.
You knew the following spells:

 Your Spells              Type           Power        Failure   Level
a - Shock                 Conj/Air       96%          1%          1
b - Swiftness             Air            29%          1%          2
c - Airstrike             Air            14%          11%         4

Your spell library contained the following spells:

 Spells                   Type           Power        Failure   Level
 Foxfire                  Conj/Fire      52%          4%          1
 Static Discharge         Conj/Air       24%          4%          3
 Lightning Bolt           Conj/Air       12%          43%         5


Dungeon Overview and Level Annotations

Branches:
Dungeon (4/15)
 Temple: D:4-7

Altars:
Vehumet


Message History

The zap hits the worker ant.
You kill the worker ant!
Vehumet accepts your kill.
You feel sick.
The orc wizard gestures wildly while chanting.
The orc wizard blinks!
The orc wizard casts a spell at you. The magic dart hits you.
* * * LOW HITPOINT WARNING * * *
It was a potion of curing.
You feel better.
The orc priest calls down the wrath of Beogh upon you.
Pain shoots through your body!
* * * LOW HITPOINT WARNING * * *
The orc wizard casts a spell at you. The magic dart hits you.
* * * LOW HITPOINT WARNING * * *
You feel better. The orc wizard casts a spell at you. The magic dart hits you!
You die...

..... #### #....
##...# #... #.....###
#..######.
#.......###.........
#............o......
#...................
#................B..
#.......#.@#####
###...####††# #..##
#o.## ##..####)†o# .
##.......#..# .
##..............# .##
###..######...........
..###...##
###......>.. .......##
###.......


You could see a worker ant (wandering), an orc priest and 2 orc wizards.

Vanquished Creatures
  A howler monkey (D:4)
  2 orc wizards
  3 orc priests
  A worker ant (D:4)
  Terence (D:3)
  5 adders
  5 leopard geckos
  12 orcs
  6 bats
  2 giant cockroaches
  5 goblins
  7 hobgoblins
  2 jackals (D:3)
  4 kobolds
  A quokka (D:3)
  2 ball pythons
  3 frilled lizards
  10 rats
72 creatures vanquished.

Notes
Turn   | Place    | Note
-------+----------+-------------------------------------------
     0 | D:1      | Essalna the Deep Elf Air Elementalist began the quest for
                  | the Orb.
     0 | D:1      | Reached XP level 1. HP: 10/10 MP: 6/6
   300 | D:1      | Reached XP level 2. HP: 15/15 MP: 1/8
  1012 | D:2      | Reached XP level 3. HP: 19/19 MP: 6/10
  1495 | D:2      | Found a radiant altar of Vehumet.
  1499 | D:2      | Became a worshipper of Vehumet
  1746 | D:3      | Reached skill level 4 in Spellcasting
  1972 | D:3      | Reached XP level 4. HP: 24/24 MP: 12/12
  1992 | D:3      | Noticed Terence
  2238 | D:3      | Killed Terence
  2676 | D:3      | Reached XP level 5. HP: 27/28 MP: 14/14
  2709 | D:3      | Learned a level 2 spell: Swiftness
  2714 | D:3      | Learned a level 4 spell: Airstrike
  2722 | D:3      | Reached * piety under Vehumet
  2722 | D:3      | Offered knowledge of Foxfire by Vehumet.
  2992 | D:3      | Reached skill level 5 in Spellcasting
  3354 | D:4      | Reached XP level 6. HP: 30/32 MP: 16/16
  3475 | D:4      | Reached skill level 6 in Spellcasting
  3475 | D:4      | Reached skill level 5 in Air Magic
  3487 | D:4      | HP: 1/32 [orc wizard/magic dart (3)]
  3488 | D:4      | Killed from afar by an orc wizard

Illustrated notes

Levels and vault maps discovered:
D:1:      nicolae_arrival_memento_mori, layout_basic, minmay_misc_feat_tiny,
          minmay_tetromino_i4
D:2:      layout_loops_ring, overflow_temple_1_default
D:3:      layout_basic, uniq_terence
D:4:      layout_layer_cave, trog_wizard

Skill      XL: |  1  2  3  4  5  6 |
---------------+-------------------+-----
Conjurations   | 2 3 |  3.0
Spellcasting   | 4 5 6 |  6.2
Air Magic      | 4 5 |  5.1
Dodging        | |  2.4
Stealth        | |  2.4

Action                   |  1- 3 |  4- 6 || total
-------------------------+-------+-------++-------
Melee: Unarmed           |     9 |     7 ||    16
       Dagger            |    15 |     3 ||    18
 Cast: Shock             |    62 |    81 ||   143
  Use: Scroll            |     2 |       ||     2
       Potion            |       |     2 ||     2
 Stab: Sleeping          |     4 |       ||     4
Armor: Robe              |     5 |     7 ||    12
Dodge: Dodged            |    24 |    19 ||    43

Table legend: (Time is in decaauts)
 A = Elapsed time spent in this place.
 B = Non-inter-level travel time spent in this place.
 C = Inter-level travel time spent in this place.
 D = Time resting spent in this place.
 E = Time spent auto-exploring this place.
 F = Levels seen in this place.
 G = Mean time per level.
                   A        B        C        D        E       F      G
               +--------+--------+--------+--------+--------+-----+--------+
         Total |   3465 |   3403 |     62 |     74 |   2981 |   4 |  866.2 |
       Dungeon |   3465 |   3403 |     62 |     74 |   2981 |   4 |  866.2 |
               +--------+--------+--------+--------+--------+-----+--------+

Top non-repeatable levels by time:
     D:3: 1579 daAuts
     D:1: 879 daAuts
     D:2: 857 daAuts
     D:4: 149 daAuts
